 Dungeon Crawl Stone Soup version 0.28.0-43-g3370ac3207 (webtiles) character file.

Game seed: 13254745516865773386

1184 Mitsuki the Arsonist (level 8, -2/41 HPs)
             Began as a Deep Elf Fire Elementalist on Mar 2, 2022.
             Slain by an orc warrior
             ... wielding a +0 scimitar
              (18 damage)
             ... on level 5 of the Dungeon.
             The game lasted 00:12:05 (5173 turns).

Mitsuki the Arsonist (Deep Elf Fire Elementalist)   Turns: 5173, Time: 00:12:05

Health: -2/41      AC:  6    Str:  5    XL:     8   Next: 19%
Magic:  28/29      EV: 16    Int: 26    God:
Gold:   237        SH:  0    Dex: 15    Spells: 18/21 levels left

rFire   . . .      SeeInvis .   j - +4 club (spect)
rCold   . . .      Faith    .   (no shield)
rNeg    . . .      Spirit   .   a - +0 robe
rPois   .          Reflect  .   r - +1 helmet {Int+3}
rElec   .          Harm     .   (no cloak)
rCorr   .          Rampage  .   x - +1 pair of gloves
Will    .....                   (no boots)
Stlth   ++........              u - amulet of the acrobat
HPRegen 0.13/turn               m - ring of magical power
MPRegen 0.21/turn               p - +4 ring of evasion

@: no status effects
A: no striking features
a: no special abilities


You were on level 5 of the Dungeon.
You visited 1 branch of the dungeon, and saw 6 of its levels.

You collected 237 gold pieces.

Inventory:

Hand Weapons
 c - a +2 dagger of speed
 j - a +4 spectral club (weapon)
Armour
 a - a +0 robe (worn)
 r - a +1 helmet of intelligence (worn)
 x - a +1 pair of gloves (worn)
Jewellery
 m - a ring of magical power (left hand)
 p - a +4 ring of evasion (right hand)
 q - a ring of see invisible
 u - an amulet of the acrobat (around neck)
 v - a ring of flight
Wands
 y - a wand of iceblast (9)
Scrolls
 b - a scroll of immolation {unknown}
 e - 2 scrolls of holy word {unknown}
 h - a scroll of vulnerability {unknown}
 i - a scroll of magic mapping {unknown}
 l - a scroll of blinking {unknown}
 n - a scroll of fog {unknown}
 z - a scroll of teleportation {unknown}
Potions
 f - 2 potions of curing
 g - 2 potions of brilliance
 k - a potion of degeneration {unknown}
 o - 2 potions of heal wounds {unknown}
 s - 3 potions of might
 t - a potion of resistance {unknown}
 w - a potion of invisibility {unknown}


   Skills:
 - Level 2.4 Dodging
 - Level 2.4 Stealth
 + Level 7.0 Spellcasting
 + Level 5.3 Conjurations
 * Level 8.3 Fire Magic


You had 18 spell levels left.
You knew the following spells:

 Your Spells              Type           Power      Damage    Failure   Level
a - Foxfire               Conj/Fire      100%       2x1d9     1%          1
b - Scorch                Fire           100%       2d10      1%          2

Your spell library contained the following spells:

 Spells                   Type           Power      Damage    Failure   Level
 Conjure Flame            Conj/Fire      44%        6-21      1%          3
 Inner Flame              Hex/Fire       30%        N/A       3%          3
 Flame Wave               Conj/Fire      44%        2d10      3%          4
 Sticky Flame             Conj/Fire      44%        2d6       3%          4
 Ignite Poison            Fire/Tmut/Pois 23%        N/A       6%          3
 Gell's Gravitas          Tloc           9%         N/A       19%         3
 Lesser Beckoning         Tloc           9%         N/A       19%         3
 Teleport Other           Tloc           9%         N/A       19%         3
 Animate Dead             Necr           4%         N/A       52%         4
 Borgnjor's Vile Clutch   Necr/Erth      4%         N/A       86%         5
 Death Channel            Necr           4%         N/A       100%        6


Dungeon Overview and Level Annotations

Branches:
Dungeon (6/15)
 Temple: D:4-7

Altars:
Cheibriados
Kikubaaqudgha
Beogh

Annotations:
D:3 3 runed translucent doors, Ablot's ghost, amateur GnWr


Message History

The orc warrior hits you with a +0 scimitar!
The orc priest hits you but does no damage.
The orc warrior hits you but does no damage.
You take 10 damage, and have 31/41 hp.
MASSIVE DAMAGE!!
You conjure some foxfire!
The orc priest misses you. The orc warrior closely misses you.
You now have 26/29 mp.
You hit the orc priest.
The orc priest is moderately wounded.
The foxfire hits the orc warrior but does no damage.
The foxfire hits the orc warrior.
The orc warrior is moderately wounded.
The orc priest misses you.
The orc warrior hits you with a +0 scimitar!
You take 15 damage, and have 16/41 hp.
MASSIVE DAMAGE!!
The orc priest calls down the wrath of Beogh upon you.
Pain shoots through your body!
You take 3 damage, and have 13/41 hp.
The orc priest casts a cantrip, but nothing happens.
MP restored: 29 The orc priest casts a cantrip, but nothing happens.
The orc priest looks encouraged for a moment.
There is a stone staircase leading up here.
The orc warrior barely misses you.
You climb upwards.
There is a stone staircase leading down here.
You are too injured to fight recklessly!
Casting: Foxfire (safe; 1% risk of failure)
Confirm with . or Enter, or press ? or * to list all spells.
You conjure some foxfire!
The orc warrior misses you.
You now have 28/29 mp.
You closely miss the orc warrior.
The orc warrior is lightly wounded.
Your +4 spectral club hits the orc warrior.
The foxfire hits the orc warrior but does no damage.
The orc warrior is moderately wounded.
The foxfire hits the orc warrior but does no damage.
The orc warrior is moderately wounded.
The orc warrior hits you with a +0 scimitar!!
You die...

.........###...#.......##........
..####.##.........##....###.....)
...# #.###.........#.##.#.#......
..####.##.........#.............#
..###..###........##.............
...#..#####......................
.......##........................
##..#.......#...o(#.............)
##.###.....##...@.#..............
...##...#......§§....<...........
.......###.......................
...#..####.....#.................
#..##.#.#...#####................
...##.......## #...###..#........
....<.##.....####..###..#........
......####...#..÷...##..##.......
>.....##.##..........#..#........


You could see an orc warrior and a friendly +4 spectral club (summoned).

Vanquished Creatures
  Eustachio (D:6)
  A black bear (D:6)
  A necrophage (D:6)
  2 scorpions (D:5)
  2 bullfrogs
  2 howler monkeys
  2 vampire bats (D:4)
  2 hounds (D:5)
  A jelly (D:4)
  A gnoll shaman (D:5)
  An orc priest (D:3)
  Jessica (D:2)
  An orc wizard (D:6)
  2 howler monkey zombies
  6 adders
  10 gnolls
  2 dart slugs
  6 orcs
  7 ball pythons
  5 bats
  2 bat skeletons (D:4)
  4 bat zombies (D:4)
  3 endoplasms
  3 giant cockroaches
  11 hobgoblins
  8 quokkas
  5 frilled lizards
  5 goblins
  6 kobolds
  12 rats
115 creatures vanquished.

Vanquished Creatures (others)
  346 foxfires
  8 plants (D:4)
354 creatures vanquished.

Grand Total: 469 creatures vanquished

Notes
Turn   | Place    | Note
-------+----------+-------------------------------------------
     0 | D:1      | Mitsuki the Deep Elf Fire Elementalist began the quest for
                  | the Orb.
     0 | D:1      | Reached XP level 1. HP: 10/10 MP: 6/6
   373 | D:1      | Reached XP level 2. HP: 10/15 MP: 5/8
   885 | D:1      | Reached skill level 4 in Fire Magic
  1022 | D:1      | Reached XP level 3. HP: 19/19 MP: 3/10
  1660 | D:2      | Reached XP level 4. HP: 24/24 MP: 1/11
  1661 | D:2      | Noticed Jessica
  1786 | D:2      | Killed Jessica
  1936 | D:2      | Learned a level 2 spell: Scorch
  2089 | D:2      | Reached skill level 5 in Fire Magic
  2281 | D:2      | Reached XP level 5. HP: 27/28 MP: 13/13
  2584 | D:3      | Found a runed translucent gate.
  2603 | D:3      | Found a runed translucent gate.
  2604 | D:3      | Found a runed translucent gate.
  2608 | D:3      | Noticed Ablot's ghost (amateur GnWr)
  2616 | D:3      | Identified the +6 hand axe of the Ageing Hero {vorpal,
                  | rPois}
  2868 | D:3      | Found a faded altar of an unknown god.
  3411 | D:4      | Reached XP level 6. HP: 32/32 MP: 15/15
  3635 | D:4      | Found an ancient bone altar of Kikubaaqudgha.
  3639 | D:4      | Reached skill level 5 in Spellcasting
  3642 | D:4      | Reached skill level 6 in Fire Magic
  3695 | D:4      | Found a snail-covered altar of Cheibriados.
  3873 | D:5      | Entered Level 5 of the Dungeon
  4160 | D:5      | Reached XP level 7. HP: 33/36 MP: 17/17
  4279 | D:5      | Reached skill level 7 in Fire Magic
  4808 | D:6      | Reached skill level 5 in Conjurations
  4860 | D:6      | Noticed Eustachio
  4901 | D:6      | Reached skill level 8 in Fire Magic
  4901 | D:6      | Reached XP level 8. HP: 39/41 MP: 20/20
  4952 | D:6      | Killed Eustachio
  5173 | D:5      | Slain by an orc warrior

Illustrated notes

Levels and vault maps discovered:
D:1:      matt_arrival_refuge, layout_loops_corners, minmay_split_cup_large
D:2:      layout_loops_ring, wad_floor_pattern_untrapped, dk_noncrumbling_2,
          uniq_jessica
D:3:      layout_rooms, biasface_ghost_orc_armoury,
          shapermc_ecumenical_altar_totnotflames, minmay_misc_feat_enclosed
D:4:      layout_cave_pools, mainiacjoe_overflow_cross_hatched,
          kennysheep_vampire_church
D:5:      layout_cave_pools
D:6:      layout_loops_ring, kennysheep_another_room, chequers_jeans,
          minivault_14, uniq_eustachio

Skill      XL: |  1  2  3  4  5  6  7  8 |
---------------+-------------------------+-----
Fire Magic     | 4 5 6 8 |  8.3
Conjurations   | 2 3 4 5 |  5.3
Spellcasting   | 4 5 6 7 |  7.0
Dodging        | |  2.4
Stealth        | |  2.4

Action                   |  1- 3 |  4- 6 |  7- 9 || total
-------------------------+-------+-------+-------++-------
Melee: Short sword       |     5 |       |       ||     5
       Dagger            |    13 |       |       ||    13
       Club              |       |    45 |    24 ||    69
       Punch             |       |       |     1 ||     1
 Cast: Foxfire           |    61 |    98 |    46 ||   205
  Use: Scroll            |       |       |     3 ||     3
 Stab: Sleeping          |     1 |     2 |       ||     3
       Distracted        |       |       |     1 ||     1
Armor: Robe              |     4 |     9 |     4 ||    17
Dodge: Dodged            |    10 |    39 |    25 ||    74
